 Dungeon Crawl Stone Soup version 0.30-b1-2-g02819fbbbe (webtiles) character file.

Game seed: 14055413616792244093

1530 xcuuu the Cleaver (level 8, -5/73 HPs)
             Began as a Minotaur Fighter on May 15, 2023.
             Was an Elder of Trog.
             Slain by a gnoll bouda
             ... wielding a +0 whip
              (10 damage)
             ... on level 7 of the Dungeon.
             The game lasted 00:18:31 (5624 turns).

xcuuu the Cleaver (Minotaur Fighter)                Turns: 5624, Time: 00:18:32

Health: -5/73      AC: 10    Str: 21    XL:     8   Next: 55%
Magic:  7/7        EV:  9    Int: 10    God:    Trog [****..]
Gold:   238        SH:  0    Dex: 10    Spells: 7/7 levels left

rFire   . . .        e - +8 battleaxe "Xesov" {speed, Str-2 Int+5 SInv}
rCold   . . .        (shield currently unavailable)
rNeg    . . .        b - +2 scale mail
rPois   .            (helmet restricted)
rElec   .            (no cloak)
rCorr   .            (no gloves)
SInv    +            (no boots)
Will    .....        (no amulet) Stlth
                     (no ring)
HPRegen 0.32/turn    (no ring)
MPRegen 0.10/turn

%: no passive effects
@: weakened
A: horns 2, retaliatory headbutt
a: Renounce Religion, Berserk, Trog's Hand, Brothers in Arms


You were on level 7 of the Dungeon.
You worshipped Trog.
Trog was greatly pleased with you.
You visited 1 branch of the dungeon, and saw 7 of its levels.
You also visited: Sewer.

You collected 303 gold pieces.
You spent 65 gold pieces at shops.

Inventory:

Hand Weapons
 a - a +2 long sword of chaos
 e - the +8 battleaxe "Xesov" (weapon) {speed, Str-2 Int+5 SInv}
   (You found it on level 2 of the Dungeon)

   Str:       It affects your strength (-2).
   Int:       It affects your intelligence (+5).
   SInv:      It lets you see invisible.
Missiles
 l - a throwing net (quivered)
Armour
 b - a +2 scale mail (worn)
 c - a +0 buckler
Jewellery
 h - an amulet of reflection
Scrolls
 g - 6 scrolls of teleportation
 m - a scroll of blinking
 n - 2 scrolls of fog
 p - a scroll of magic mapping
 r - a scroll of fear
 u - a scroll of brand weapon
Potions
 d - a potion of might
 f - 2 potions of cancellation
 i - a potion of curing {unknown}
 j - 2 potions of lignification
 k - a potion of haste {unknown}
 o - 2 potions of mutation {unknown}
 q - 2 potions of attraction
 t - 8 potions of flight


   Skills:
 + Level 7.4 Fighting
 - Level 3.0 Long Blades
 * Level 8.6 Axes
 + Level 7.4 Armour
 - Level 3.9 Shields


You had 7 spell levels left.
You didn't know any spells.
Your spell library was empty.

Dungeon Overview and Level Annotations

Branches:
Dungeon (7/15)             Temple (0/1) D:6           Sewer (visited)

Altars:
Elyvilon
Makhleb
Qazlal
Trog
Zin

Shops:
D:3 *   D:5 *


Innate Abilities, Weirdness & Mutations

You have a pair of horns on your head.
You reflexively headbutt those who attack you in melee.


Message History

The gnolls pick up the pace!
The gnoll attacks as you move away! The gnoll hits you but does no damage.
The white imp attacks as you move away! The white imp closely misses you.
The white imp grinds its teeth.
The boulder beetle curls into a ball and begins rolling!
The gnoll bouda gazes fiercely through you!
You feel as though you will be weak longer.
The white imp closely misses you. The white imp attacks as you move away!
The white imp hits you but does no damage.
The boulder beetle hits you!!
The boulder beetle stops rolling and uncurls.
The gnoll hits you from afar with a +0 spear.
The gnoll closely misses you. The gnoll barely misses you.
You furiously retaliate!
You headbutt the gnoll.
The boulder beetle completely misses you.
The boulder beetle attacks as you move away!
The boulder beetle bites you.
* * * LOW HITPOINT WARNING * * *
The gnoll barely misses you. The gnoll completely misses you.
The boulder beetle curls into a ball and begins rolling!
The gnoll attacks as you move away! The gnoll barely misses you.
You furiously retaliate!
You headbutt the gnoll. The gnoll barely misses you. You furiously retaliate!
You headbutt the gnoll. The gnoll closely misses you.
The boulder beetle stops rolling and uncurls.
The gnoll attacks as you move away! The gnoll barely misses you.
The gnoll hits you with a +0 flail!
* * * LOW HITPOINT WARNING * * *
The gnoll bouda attacks as you move away!
The gnoll bouda hits you but does no damage.
The gnoll attacks as you move away! The gnoll hits you with a +0 flail.
* * * LOW HITPOINT WARNING * * *
The gnoll bouda gazes fiercely through you!
You feel as though you will be weak longer.
The boulder beetle curls into a ball and begins rolling!
The gnoll attacks as you move away! The gnoll hits you with a +0 flail.
* * * LOW HITPOINT WARNING * * *
The gnoll bouda attacks as you move away!
The gnoll bouda hits you with a +0 whip!
You die...

........°#..#....#
.......###.......#
...##...#.°.5....#
...###....B........
. ....#...5##..#.#.
###...gg....##.#
#...##..gg......
#.......g.#.....
.......g@#####..
.....##>.# .# ....#
#.## #.# ....
#..###.... ....
#......... ...
##........ ....
#.........
...####.###.....
##.........##...


You could see a boulder beetle (rolling), a gnoll bouda, 5 gnolls and a white
imp.

Vanquished Creatures
  Sigmund (D:3)
  An orc warrior (D:6)
  A sky beast (D:6)
  A black bear (D:4)
  An ogre (D:5)
  A gnoll sergeant (D:7)
  2 scorpions (D:6)
  2 howler monkeys
  3 jellies
  An orc priest (D:6)
  A hound (D:5)
  2 sleepcaps
  Terence (D:2)
  4 iguanas
  3 orc wizards
  A sickly merfolk siren (Sewer)
  A malarious merfolk avatar (Sewer)
  7 gnolls
  2 river rats (Sewer)
  10 adders
  A shadow imp (D:6)
  A worm zombie (D:6)
  A worm (D:3)
  2 dart slugs
  11 orcs
  6 bats
  3 endoplasms
  5 giant cockroaches
  A goblin (D:3)
  3 hobgoblins
  4 jackals (D:2)
  6 kobolds
  A quokka (D:2)
  9 ball pythons
  11 frilled lizards
  25 rats
136 creatures vanquished.

Notes
Turn   | Place    | Note
-------+----------+-------------------------------------------
     0 | D:1      | xcuuu the Minotaur Fighter began the quest for the Orb.
     0 | D:1      | Reached XP level 1. HP: 19/19 MP: 0/0
    68 | D:1      | Found a faded altar of an unknown god.
    87 | D:1      | Prayed at the altar of an unknown god.
    87 | D:1      | Became a worshipper of Trog the Wrathful
    87 | D:1      | Reached * piety under Trog
   118 | D:1      | Reached XP level 2. HP: 27/27 MP: 1/1
   906 | D:2      | Identified the +8 battleaxe "Xesov" {speed, Str-2 Int+5
                  | SInv}
  1024 | D:2      | Reached XP level 3. HP: 33/33 MP: 2/2
  1142 | D:2      | Noticed Terence
  1145 | D:2      | Killed Terence
  1146 | D:2      | Reached skill level 1 in Axes
  1225 | D:2      | Reached XP level 4. HP: 40/40 MP: 3/3
  1533 | D:3      | Noticed Sigmund
  1538 | D:3      | Killed Sigmund
  1539 | D:3      | Reached skill level 5 in Fighting
  1539 | D:3      | Reached skill level 3 in Axes
  1539 | D:3      | Reached skill level 5 in Armour
  1539 | D:3      | Reached XP level 5. HP: 48/48 MP: 4/4
  1635 | D:3      | Reached ** piety under Trog
  1712 | D:3      | Found a white marble altar of Elyvilon.
  1793 | D:3      | Found Pytafij's Assorted Antiques.
  1879 | D:3      | Reached skill level 4 in Axes
  2290 | D:4      | Reached XP level 6. HP: 56/56 MP: 5/5
  2470 | D:4      | Found a glowing drain.
  2593 | D:4      | Reached skill level 5 in Axes
  2767 | Sewer    | Entered a sewer
  2861 | Sewer    | Reached XP level 7. HP: 62/62 MP: 6/6
  2932 | Sewer    | Reached *** piety under Trog
  3234 | D:5      | Entered Level 5 of the Dungeon
  3237 | D:5      | Reached skill level 6 in Axes
  3418 | D:5      | Found Haclaruh's General Store.
  3439 | D:5      | Bought a potion of heal wounds for 65 gold pieces
  3959 | D:6      | Found a glowing silver altar of Zin.
  3959 | D:6      | Found a burning altar of Makhleb.
  3960 | D:6      | Noticed a blizzard demon
  3960 | D:6      | Noticed an angel
  3988 | D:6      | Found a sand-covered staircase.
  4048 | D:6      | Reached **** piety under Trog
  4049 | D:6      | Reached skill level 7 in Axes
  4493 | D:6      | Reached XP level 8. HP: 71/71 MP: 7/7
  4564 | D:6      | Found a staircase to the Ecumenical Temple.
  4620 | D:6      | Found a stormy altar of Qazlal.
  4770 | D:6      | Identified the +9 short sword of Excruciating Pain {chaos,
                  | *Rage rC+ Int+3}
  4841 | D:6      | Reached skill level 8 in Axes
  5595 | D:7      | Noticed a boulder beetle
  5624 | D:7      | Slain by a gnoll bouda

Illustrated notes

Levels and vault maps discovered:
D:1:      amcnicky_arrival_feature_with_door, layout_basic,
          hellmonk_ecumenical_altar_crossroads
D:2:      layout_basic, serial_curves, eino_curves_03, eino_curves_03,
          uniq_terence
D:3:      layout_loops_ring, nicolae_elyvilon_temple_path, serial_shops, shop,
          uniq_sigmund
D:4:      layout_rooms, portal_sewer_entry_d, ebering_dispersal_statue_hall,
          grunt_decor_resistance
D:5:      layout_rooms, serial_shops, shop
D:6:      layout_layer_cave, grunt_temple_overflow_order_and_chaos_2,
          nicolae_overflow_crystal_walls, minmay_temple_entry_glassed_door,
          enter_ossuary_3
D:7:      layout_cave_pools, minmay_misc_feat_nine_boxes,
          nicolae_figureground_sparkle

Skill      XL: |  1  2  3  4  5  6  7  8 |
---------------+-------------------------+-----
Armour         | 4 5 6 7 |  7.4
Fighting       | 4 5 6 7 |  7.4
Long Blades    | 3 |  3.0
Axes           | 1 3 4 5 7 8 |  8.6
Shields        | |  3.9

Action                     |  1- 3 |  4- 6 |  7- 9 || total
---------------------------+-------+-------+-------++-------
  Melee: Long sword        |    38 |       |       ||    38
         Headbutt          |     9 |     4 |    13 ||    26
         Battleaxe         |    13 |    71 |   119 ||   203
    Use: Scroll            |     4 |     8 |     4 ||    16
         Potion            |       |       |     1 ||     1
 Armour: Scale mail        |    28 |    22 |    42 ||    92
  Dodge: Dodged            |    24 |    21 |    56 ||   101
  Block: Buckler           |    15 |       |       ||    15
